AoeStats
← Exenity

Hideout

509487303Analyzed
1v1 RM · 5d ago on Sep 26, 2026· 28m 40s· 2 players
Game mode
Random Map
Map size
Tiny (2 player)
Population
200
Speed
Normal
Resources
Standard
Victory
Conquest
Starting age
Dark Age
Ending age
Imperial Age
RankedLock teamsTeams togetherTeam positionsShared explorationLock speedFull tech treeHidden civsTurbo modeCheats
Victory
Defeat
🇺🇸 Teutons · United States
1294
+17
🇨🇴 Goths · Colombia
1313
-17
Exenity
5:35 Loom
8:20 Feudal Age
9:30 Double-Bit Axe
9:59 Town Watch
14:33 Fletching
17:54 Wheelbarrow
25:35 Castle Age
26:13 Bodkin Arrow
27:34 Guard Tower
andres_exos
9:03 Feudal Age
9:34 Man-at-Arms
22:24 Castle Age
21:52 Fletching
Connection lost

Rejoining the realm…

Still unreachable

The connection could not be restored.

Session expired

The server has moved on; the page needs a fresh start.